 Dungeon Crawl Stone Soup version 0.21.1-1-g345015f (webtiles) character file.

343 Kairos the Shield-Bearer (level 6, -4/48 HPs)
             Began as a Formicid Fighter on Apr 8, 2018.
             Killed from afar by an orc wizard (12 damage)
             ... with a puff of flame
             ... on level 4 of the Dungeon.
             The game lasted 00:04:18 (3436 turns).

Kairos the Shield-Bearer (Formicid Fighter)         Turns: 3436, Time: 00:04:18

Health: -4/48      AC:  7    Str: 24    XL:     6   Next: 88%
Magic:  6/6        EV:  7    Int: 13    God:
Gold:   197        SH: 10    Dex: 12    Spells: 5/5 levels left

rFire    . . .     SeeInvis +   a - +0 war axe
rCold    . . .     Gourm    .   c - +0 shield
rNeg     . . .     Faith    .   b - +0 scale mail
rPois    .         Spirit   .   (helmet unavailable)
rElec    .         Reflect  .   (no cloak)
rCorr    .         Harm     .   (no gloves)
MR       .....                  (no boots)
Stlth    ..........             (no amulet)
HPRegen  0.16/turn              l - +4 ring of strength
MPRegen  0.10/turn              m - -2 ring of evasion (curse)

@: brilliant, flying
A: permanent stasis, dig shafts and tunnels, four strong arms, antennae 3
a: Dig, Shaft Self


You were on level 4 of the Dungeon.
You were very hungry.

You visited 1 branch of the dungeon, and saw 4 of its levels.

You collected 197 gold pieces.

Inventory:

Hand Weapons
 a - a +0 war axe (weapon)
Armour
 b - a +0 scale mail (worn)
 c - a +0 shield (worn)
Jewellery
 l - a +4 ring of strength (left hand)
 m - a cursed -2 ring of evasion (right hand)
 s - a cursed ring of loudness {unknown}
Wands
 p - a wand of flame (28)
Scrolls
 e - 6 scrolls of identify
 o - a scroll of fog
 q - 2 scrolls of remove curse {unknown}
 r - a scroll of magic mapping {unknown}
Potions
 d - 2 potions of might
 h - 3 potions of flight
 j - a potion of haste {unknown}
 k - a potion of cancellation {unknown}
 n - a potion of degeneration {unknown}
 t - a potion of lignification {unknown}
Comestibles
 f - 6 rations


   Skills:
 + Level 4.2 Fighting
 + Level 4.5 Axes
 + Level 4.4 Armour
 + Level 1.0 Dodging
 + Level 1.1 Stealth
 + Level 4.8 Shields


You had 5 spell levels left.
You didn't know any spells.

Dungeon Overview and Level Annotations

Branches:
Dungeon (4/15)
 Temple: D:4-7

Altars:
Ru


Innate Abilities, Weirdness & Mutations

You cannot be hasted, slowed, berserked, paralysed or teleported.
You can dig through walls and to a lower floor.
Your four strong arms can wield two-handed weapons with a shield.
You have a pair of large antennae on your head. (SInv)


Message History

You miss the orc wizard. You closely miss the orc. The orc barely misses you.
The orc wizard hits you with a dagger.
* * * LOW HITPOINT WARNING * * *
Unknown command.
You slash the orc wizard!
The orc wizard is heavily wounded.
You hit the orc. The orc hits you with a dagger.
* * * LOW HITPOINT WARNING * * *
You block the orc wizard's attack. You block the orc's attack.
The orc wizard barely misses you.
You hit the orc wizard but do no damage.
The orc wizard is heavily wounded.
You hit the orc.
You kill the orc!
You block the orc wizard's attack.
Your shield and scale mail prevent you from hitting the orc wizard.
The orc wizard is heavily wounded.
The orc wizard casts a spell at you. The puff of flame hits you!
You die...

.## #..## ###
#.####...####..
##..#......#..# #
#.......#....## .#
#..#....## #...## .#
..###...##
#...##.####. .#
#....## #†..........
#
##....###..††)......
# #..........@)###...
## ##.......(..o## .
.# ##.....##......#
.###......#####.>....
..#.#####.###
#...#... ...#
##...###...#.## ###
#..#..###..# # #
#.##### #### # ###


You could see an orc wizard.

Vanquished Creatures
  A bullfrog (D:3)
  A howler monkey (D:4)
  A hound (D:4)
  An orc priest (D:3)
  3 worker ants (D:4)
  3 adders
  A worm (D:1)
  3 dart slugs (D:1)
  5 leopard geckos
  6 orcs
  5 giant cockroaches
  5 hobgoblins
  4 jackals (D:1)
  7 kobolds
  2 quokkas (D:3)
  A ball python (D:1)
  4 bats
  4 frilled lizards
  6 goblins
  8 rats
71 creatures vanquished.

Notes
Turn   | Place    | Note
-------+----------+-------------------------------------------
     0 | D:1      | Kairos the Formicid Fighter began the quest for the Orb.
     0 | D:1      | Reached XP level 1. HP: 18/18 MP: 1/1
   124 | D:1      | Reached XP level 2. HP: 24/24 MP: 2/2
   329 | D:1      | Reached XP level 3. HP: 28/29 MP: 3/3
   943 | D:2      | Reached XP level 4. HP: 23/37 MP: 4/4
  1257 | D:2      | Found a sacrificial altar of Ru.
  1770 | D:2      | You fall through a shaft!
  1778 | D:3      | Reached XP level 5. HP: 14/42 MP: 5/5
  2372 | D:3      | Noticed a bullfrog
  2379 | D:3      | Killed a bullfrog
  2589 | D:3      | Reached skill level 1 in Stealth
  2911 | D:3      | Reached XP level 6. HP: 47/48 MP: 6/6
  3024 | D:4      | Reached skill level 1 in Dodging
  3436 | D:4      | Killed from afar by an orc wizard

Skill      XL: |  1  2  3  4  5  6 |
---------------+-------------------+-----
Shields        | 4 |  4.8
Fighting       | 4 |  4.2
Axes           | 3 4 |  4.5
Armour         | 4 |  4.4
Stealth        | 1 |  1.1
Dodging        | 1 |  1.0

Action                   |  1- 3 |  4- 6 || total
-------------------------+-------+-------++-------
Melee: War axe           |   116 |   147 ||   263
  Use: Scroll            |       |     3 ||     3
       Potion            |       |     3 ||     3
  Eat: Chunk             |       |     7 ||     7
Armor: Scale mail        |    61 |    67 ||   128
Dodge: Dodged            |    51 |    48 ||    99
Block: Shield            |    77 |    73 ||   150
